AoeStats
← luisvideorock

Hideout

508362057Analyzed
1v1 RM · 8d ago on Sep 22, 2026· 44m 59s· 2 players
Game mode
Random Map
Map size
Tiny (2 player)
Population
200
Speed
Normal
Resources
Standard
Victory
Conquest
Starting age
Dark Age
Ending age
Imperial Age
RankedLock teamsTeams togetherTeam positionsShared explorationLock speedFull tech treeHidden civsTurbo modeCheats
Victory
Defeat
🇲🇽 Khmer · Mexico
678
+16
672
-16
pierfranco.piccinni
12:58 Feudal Age
18:41 Wheelbarrow
20:56 Castle Age
18:41 Horse Collar
18:57 Gold Mining
19:05 Double-Bit Axe
21:12 Scale Barding Armor
21:32 Forging
22:41 Hand Cart
31:01 Imperial Age
29:29 Chain Barding Armor
30:35 Iron Casting
30:03 Husbandry
32:16 Heavy Plow
33:14 Gold Shaft Mining
33:02 Bow Saw
34:06 Conscription
36:32 Logistica
41:13 Elite Cataphract
luisvideorock
11:11 Feudal Age
16:28 Castle Age
15:44 Double-Bit Axe
15:42 Horse Collar
15:56 Gold Mining
15:56 Stone Mining
17:59 Bow Saw
20:53 Heavy Plow
22:54 Stone Mining
25:40 Town Watch
27:37 Wheelbarrow
32:41 Imperial Age
30:29 Hand Cart
30:21 Tusk Swords
30:47 Pikeman
31:55 Town Patrol
32:08 Murder Holes
32:34 Ballistics
32:26 Forging
32:16 Scale Mail Armor
33:22 Bloodlines
33:12 Husbandry
35:39 Double Crossbow
36:07 Light Cavalry
37:34 Conscription
37:56 Iron Casting
37:37 Chain Mail Armor
40:38 Chain Mail Armor
41:51 Blast Furnace
42:08 Scale Barding Armor
41:58 Hussar
44:30 Chemistry
44:18 Hoardings
Connection lost

Rejoining the realm…

Still unreachable

The connection could not be restored.

Session expired

The server has moved on; the page needs a fresh start.